 Dungeon Sprint DCSS version 0.22-a0-458-gb446440 (webtiles) character file.

2289 Mgcat the Bludgeoner (level 9, 0/81 HPs)
             Began as a Hill Orc Fighter on June 8, 2018.
             Was an Elder of Okawaru.
             Slain by an eight-headed hydra (11 damage)
             ... in the Dungeon (Sprint IX: "|||||||||||||||||||||||||||||").
             The game lasted 00:03:44 (871 turns).

Mgcat the Bludgeoner (Hill Orc Fighter)              Turns: 871, Time: 00:03:45

Health: 0/81       AC: 17    Str: 25    XL:     9   Next: 40%
Magic:  7/9        EV: 11    Int:  8    God:    Okawaru [****..]
Gold:   14         SH: 11    Dex: 10    Spells: 8/8 levels left

rFire    . . .     SeeInvis .   a - +2 flail
rCold    . . .     Gourm    .   c - +0 shield
rNeg     . . .     Faith    .   d - +0 chain mail (curse)
rPois    .         Spirit   .   (no helmet)
rElec    .         Reflect  .   q - +1 cloak
rCorr    .         Harm     .   (no gloves)
MR       .....     NoTele   +   p - +1 pair of boots
Stlth    ..........             (no amulet)
HPRegen  0.23/turn              s - +2 ring of evasion
MPRegen  0.11/turn              r - +3 ring of strength

@: heroism, very slightly contaminated, hasted, invisible, very quick
A: no striking features
a: Heroism, Renounce Religion


You were in the Dungeon.
You worshipped Okawaru.
Okawaru was greatly pleased with you.
You were not hungry.

You visited 1 branch You collected 14 gold pieces.

Inventory:

Hand Weapons
 a - a +2 flail (weapon)
Armour
 c - a +0 shield (worn)
 d - a cursed +0 chain mail (worn)
   (You took it off an orc in the Dungeon)
 p - a +1 pair of boots (worn)
   (You found it in the Dungeon)
 q - a +1 cloak (worn)
   (You found it in the Dungeon)
Magical Staves
 n - an uncursed staff of energy {+MP, hungerless spells, !d!a@w1}
   (You found it in the Dungeon)
Jewellery
 r - a +3 ring of strength (right hand)
   (You found it in the Dungeon)
 s - a +2 ring of evasion (left hand)
   (You found it in the Dungeon)
 v - an uncursed ring of wizardry {Wiz+, !d}
   (You found it in the Dungeon)
Wands
 o - a wand of acid (10)
   (You found it in the Dungeon)
Scrolls
 k - 2 scrolls of blinking {!r}
 l - 3 scrolls of remove curse
 m - 2 scrolls of amnesia
 w - 3 scrolls of fear
 z - a scroll of fog
Potions
 e - 5 potions of curing
 h - a potion of haste
 i - 4 potions of magic
 t - a potion of berserk rage {!q}
 u - 2 potions of mutation {!q}
Comestibles
 f - a ration
 j - 3 chunks of flesh {@w0}


   Skills:
 - Level 8.0(13.0) Fighting
 + Level 19.2(24.2) Maces & Flails
 - Level 7.4(12.4) Armour
 - Level 3.2(8.2) Shields


You had 8 spell levels left.
You didn't know any spells.
Your spell library was empty.

Dungeon Overview and Level Annotations

Branches:
Dungeon (1/1)

Altars:
Cheibriados
Dithmenos
Elyvilon
Fedhas
Gozag
Hepliaklqana
Kikubaaqudgha
Makhleb
Nemelex Xobeh
Okawaru
Qazlal
Ru
Sif Muna
Trog
Uskayaw
Vehumet
Wu Jian
Xom
Yredelemnul
Zin
The Shining One
Beogh
Jiyva
Lugonu


Message History

The eight-headed hydra closely misses you. x2
You hit the eight-headed hydra.
The eight-headed hydra is moderately wounded.
The eight-headed hydra closely misses you.
The eight-headed hydra bites you but does no damage.
You block the eight-headed hydra's attack.
The eight-headed hydra closely misses you.
The eight-headed hydra bites you but does no damage.
The eight-headed hydra bites you!
* * * LOW HITPOINT WARNING * * *
The eight-headed hydra bites you!
* * * LOW HITPOINT WARNING * * *
The eight-headed hydra closely misses you.
You feel much better.
The eight-headed hydra bites you but does no damage.
The eight-headed hydra bites you. x2; The eight-headed hydra bites you!
* * * LOW HITPOINT WARNING * * *
The eight-headed hydra bites you.
* * * LOW HITPOINT WARNING * * *
The eight-headed hydra bites you but does no damage.
The eight-headed hydra bites you.
* * * LOW HITPOINT WARNING * * *
You block the eight-headed hydra's attack.
You feel yourself speed up.
The eight-headed hydra closely misses you.
You block the eight-headed hydra's attack.
The eight-headed hydra bites you but does no damage. x2
The eight-headed hydra barely misses you.
You block the eight-headed hydra's attack.
The eight-headed hydra bites you.
* * * LOW HITPOINT WARNING * * *
The eight-headed hydra bites you!
* * * LOW HITPOINT WARNING * * *
You feel much better.
Okay, then.
Unknown command.
Unknown command.
Your shield and chain mail prevent you from hitting the eight-headed hydra.
The eight-headed hydra is moderately wounded.
You block the eight-headed hydra's attack.
The eight-headed hydra bites you but does no damage.
The eight-headed hydra completely misses you.
You block the eight-headed hydra's attack.
The eight-headed hydra bites you. The eight-headed hydra bites you!
* * * LOW HITPOINT WARNING * * *
The eight-headed hydra bites you.
* * * LOW HITPOINT WARNING * * *
The eight-headed hydra bites you!
* * * LOW HITPOINT WARNING * * *
Okay, then.
You feel much better. The eight-headed hydra bites you.
The eight-headed hydra barely misses you.
The eight-headed hydra bites you!
* * * LOW HITPOINT WARNING * * *
You block the eight-headed hydra's attack.
The eight-headed hydra bites you but does no damage.
The eight-headed hydra bites you.
* * * LOW HITPOINT WARNING * * *
The eight-headed hydra completely misses you.
The eight-headed hydra bites you but does no damage.
You feel much better.
You fade into invisibility!
The eight-headed hydra completely misses you.
You block the eight-headed hydra's attack.
The eight-headed hydra bites you but does no damage.
The eight-headed hydra closely misses you.
You block the eight-headed hydra's attack.
The eight-headed hydra bites you but does no damage. x2
The eight-headed hydra barely misses you.
You are very lightly contaminated with residual magic.
You strike the helpless eight-headed hydra from behind!
You hit the eight-headed hydra.
The eight-headed hydra is moderately wounded.
You hit the eight-headed hydra.
The eight-headed hydra is moderately wounded.
The eight-headed hydra bites you but does no damage.
The eight-headed hydra closely misses you.
You block the eight-headed hydra's attack.
The eight-headed hydra bites you but does no damage.
You block the eight-headed hydra's attack.
The eight-headed hydra bites you! The eight-headed hydra bites you.
The eight-headed hydra bites you but does no damage.
You hit the eight-headed hydra.
The eight-headed hydra is moderately wounded.
You fail to use your ability.
The eight-headed hydra bites you!
* * * LOW HITPOINT WARNING * * *
The eight-headed hydra bites you but does no damage. x3
The eight-headed hydra barely misses you. x2
You block the eight-headed hydra's attack.
The eight-headed hydra barely misses you.
You gain the combat prowess of a mighty hero.
You hit the eight-headed hydra.
The eight-headed hydra is moderately wounded.
The eight-headed hydra bites you.
* * * LOW HITPOINT WARNING * * *
The eight-headed hydra bites you but does no damage.
The eight-headed hydra barely misses you.
You block the eight-headed hydra's attack.
The eight-headed hydra bites you!
You die...

▓▓▓▓▓▓▓▓▓▓▓▓▓▓▓▓▓▓▓▓▓▓▓▓▓▓▓▓▓▓▓▓▓
____________________'...[.'....))
▓▓▓▓▓▓▓▓▓▓▓▓▓▓▓▓▓▓▓▓▓▓▓▓▓▓▓▓▓▓▓▓▓
.................................
▓▓▓▓▓▓▓▓▓▓▓▓▓▓▓▓▓▓▓▓▓▓▓▓▓▓▓▓▓▓▓▓▓
....trD@......).....'...
▓▓▓▓▓▓▓▓▓▓▓▓▓▓▓▓▓▓▓▓▓▓▓▓


You could see an eight-headed hydra, a crocodile and a porcupine.

Vanquished Creatures
  A two-headed ogre (D)
  An ugly thing (D)
  A hippogriff (D)
  A slime creature (D)
  2 yaks (D)
  A water moccasin (D)
  A centaur (D)
  2 crocodiles (D)
  A big kobold (D)
  A bullfrog (D)
  A howler monkey (D)
  A crimson imp (D)
  A hound (D)
  A jelly (D)
  An adder zombie (D)
  3 orcs (D)
  A bat (D)
  A bat zombie (D)
  A giant cockroach (D)
  A jackal (D)
  A kobold (D)
  A goblin (D)
  A leopard gecko zombie (D)
27 creatures vanquished.

Vanquished Creatures (others)
  A sky beast (D)
1 creature vanquished.

Grand Total: 28 creatures vanquished

Notes
Turn   | Place    | Note
-------+----------+-------------------------------------------
     0 | D        | Mgcat the Hill Orc Fighter began the quest for the Orb.
     0 | D        | Reached XP level 1. HP: 19/19 MP: 1/1
     5 | D        | Reached skill level 3 in Maces & Flails
    12 | D        | Reached skill level 4 in Maces & Flails
    24 | D        | Noticed a crimson imp
    24 | D        | Noticed a hound
    24 | D        | Noticed a howler monkey
    33 | D        | HP: 1/19 [howler monkey (5)]
    34 | D        | Killed a howler monkey
    34 | D        | Reached skill level 7 in Maces & Flails
    34 | D        | Reached XP level 2. HP: 1/26 MP: 2/2
    34 | D        | Reached XP level 3. HP: 2/31 MP: 3/3
    35 | D        | Reached skill level 9 in Maces & Flails
    35 | D        | Reached XP level 4. HP: 3/39 MP: 4/4
    42 | D        | Reached skill level 10 in Maces & Flails
   259 | D        | Found a roughly hewn altar of Beogh.
   259 | D        | Found a snail-covered altar of Cheibriados.
   259 | D        | Found a shadowy altar of Dithmenos.
   259 | D        | Found a white marble altar of Elyvilon.
   259 | D        | Found a blossoming altar of Fedhas.
   259 | D        | Found an opulent altar of Gozag.
   260 | D        | Found a hazy altar of Hepliaklqana.
   261 | D        | Found a viscous altar of Jiyva.
   262 | D        | Found an ancient bone altar of Kikubaaqudgha.
   263 | D        | Found a corrupted altar of Lugonu.
   264 | D        | Found a burning altar of Makhleb.
   265 | D        | Found a sparkling altar of Nemelex Xobeh.
   266 | D        | Found an iron altar of Okawaru.
   267 | D        | Found a stormy altar of Qazlal.
   268 | D        | Found a sacrificial altar of Ru.
   269 | D        | Found a deep blue altar of Sif Muna.
   270 | D        | Found a bloodstained altar of Trog.
   271 | D        | Found a hide-covered altar of Uskayaw.
   272 | D        | Found a radiant altar of Vehumet.
   273 | D        | Found an ornate altar of the Wu Jian Council.
   274 | D        | Found a shimmering altar of Xom.
   275 | D        | Found a basalt altar of Yredelemnul.
   276 | D        | Found a glowing silver altar of Zin.
   277 | D        | Found a glowing golden altar of the Shining One.
   290 | D        | Became a worshipper of Warmaster Okawaru
   359 | D        | Noticed a yak
   359 | D        | Noticed a big kobold
   359 | D        | Noticed a centaur
   359 | D        | Noticed a sky beast
   368 | D        | Killed a sky beast
   368 | D        | Reached skill level 11 in Maces & Flails
   368 | D        | Reached XP level 5. HP: 38/45 MP: 5/5
   374 | D        | Killed a centaur
   374 | D        | Reached skill level 13 in Maces & Flails
   374 | D        | Reached XP level 6. HP: 28/51 MP: 6/6
   389 | D        | Reached skill level 14 in Maces & Flails
   397 | D        | Killed a yak
   397 | D        | Reached * piety under Okawaru
   397 | D        | Reached skill level 8 in Fighting
   397 | D        | Reached XP level 7. HP: 20/68 MP: 7/7
   628 | D        | Noticed a green ugly thing
   628 | D        | Noticed a two-headed ogre
   628 | D        | Noticed a slime creature
   633 | D        | Killed a slime creature
   633 | D        | Reached skill level 7 in Armour
   639 | D        | Killed a two-headed ogre
   639 | D        | Reached ** piety under Okawaru
   639 | D        | Reached *** piety under Okawaru
   639 | D        | Reached skill level 16 in Maces & Flails
   639 | D        | Reached XP level 8. HP: 74/74 MP: 8/8
   650 | D        | Killed a green ugly thing
   650 | D        | Reached skill level 17 in Maces & Flails
   650 | D        | Reached XP level 9. HP: 81/81 MP: 9/9
   825 | D        | Reached skill level 18 in Maces & Flails
   827 | D        | Noticed an eight-headed hydra
   829 | D        | Reached **** piety under Okawaru
   852 | D        | Reached skill level 19 in Maces & Flails
   856 | D        | HP: 15/81 [eight-headed hydra (7)]
   860 | D        | HP: 5/81 [eight-headed hydra (10)]
   869 | D        | HP: 17/81 [eight-headed hydra (10)]
   871 | D        | Slain by an eight-headed hydra

Vault maps used:
D:        linesprint

Skill      XL: |  1  2  3  4  5  6  7  8  9 |
---------------+----------------------------+-----
Maces & Flails | 7 9 11 13 14 16 17 19 | 19.2
Fighting       | 8 |  8.0
Armour         | 7 |  7.4
Shields        | |  3.2

Action                   |  1- 3 |  4- 6 |  7- 9 || total
-------------------------+-------+-------+-------++-------
Melee: Flail             |    23 |    44 |    65 ||   132
Invok: Heroism           |       |       |     2 ||     2
  Use: Potion            |     1 |       |     8 ||     9
       Scroll            |       |       |     4 ||     4
 Stab: Invisible         |       |       |     1 ||     1
Armor: Scale mail        |     5 |     2 |       ||     7
       Chain mail        |       |    15 |    37 ||    52
Dodge: Dodged            |    10 |     7 |    34 ||    51
Block: Shield            |    12 |     8 |    37 ||    57

Table legend:
 A = Spawn XP
 B = Non-spawn XP
 C = Spawn XP percentage of total XP
 D = Spawn monster count
 E = Non-spawn monster count
 F = Spawn count percentage of total count
 G = Total turns spent on level
                    A         B        C        D         E        F      G
               +---------+---------+-------+---------+---------+-------+---------
         Total |       0 |    3271 |   0.0 |       0 |      28 |   0.0 |   871
               +---------+---------+-------+---------+---------+-------+---------
             D |       0 |    3271 |   0.0 |       0 |      28 |   0.0 |   871
               +---------+---------+-------+---------+---------+-------+---------

Vault maps used:
D:        linesprint

Table legend:
 A = Turns spent in this place as a percentage of turns spent in the entire game.
 B = Non-inter-level travel turns spent in this place as a percentage of non-inter-level travel turns spent in the entire game.
 C = Inter-level travel turns spent in this place as a percentage of turns spent in this place.
 D = Turns resting spent in this place as a percentage of non-inter-level travel turns spent in this place.
 E = Turns spent auto-exploring this place as a percentage of non-inter-level travel turns spent in this place.
 F = Non-inter-level travel turns spent in this place divided by the number of levels of this place that you've seen.
                   A       B       C       D       E      F
               +-------+-------+-------+-------+-------+----------------------
         Total | 100.0 | 100.0 |   0.0 |  31.6 |  35.4 | 871.0
       Dungeon | 100.0 | 100.0 |   0.0 |  31.6 |  35.4 | 871.0
               +-------+-------+-------+-------+-------+----------------------

Table legend:
 A = Kills in this place as a percentage of kills in entire the game.
 B = Kills by you in this place as a percentage of kills by you in the entire game.
 C = Kills by friends in this place as a percentage of kills by friends in the entire game.
 D = Other kills in this place as a percentage of other kills in the entire game.
 E = Experience gained in this place as a percentage of experience gained in the entire game.
 F = Experience gained in this place divided by the number of levels of this place that you have seen.
                   A       B       C       D       E      F
               +-------+-------+-------+-------+-------+----------------------
         Total | 100.0 | 100.0 |   N/A | 100.0 | 100.0 | 3271.0
       Dungeon | 100.0 | 100.0 |   N/A | 100.0 | 100.0 | 3271.0
               +-------+-------+-------+-------+-------+----------------------
